 Dungeon Crawl Stone Soup version 0.30-a0-830-gfe289a77b0 (webtiles) character file.

Game seed: 15980485776450223557

389 NinjaNoafa the Skirmisher (level 6, -2/47 (50) HPs)
             Began as a Minotaur Hunter on Mar 1, 2023.
             Was a Follower of Okawaru.
             Slain by a wight
             ... wielding a +4 long sword
              (15 damage)
             ... on level 3 of the Dungeon.
             The game lasted 00:09:34 (2658 turns).

NinjaNoafa the Skirmisher (Minotaur Hunter)         Turns: 2658, Time: 00:09:34

HP:   -2/47 (50)    AC:  3    Str: 15    XL:     6   Next: 50%
MP:   5/5           EV: 12    Int:  6    God:    Okawaru [*.....]
Gold: 137           SH:  0    Dex: 16    Spells: 5/5 levels left

rFire   . . .      SeeInvis .    a - +0 shortbow
rCold   . . .      Faith    .    (shield currently unavailable)
rNeg    . . .      Spirit   .    p - +1 robe {Will+}
rPois   .          Reflect  .    (helmet restricted)
rElec   .          Harm     .    (no cloak)
rCorr   .          Rampage  .    (no gloves)
Will    +....                    (no boots)
Stlth   ++                       (no amulet)
HPRegen 0.27/turn                (no ring)
MPRegen 0.09/turn                (no ring)

@: drained
A: horns 2, retaliatory headbutt
a: Renounce Religion, Heroism


You were on level 3 of the Dungeon.
You worshipped Okawaru.
Okawaru was aware of your devotion.
You visited 1 branch of the dungeon, and saw 4 of its levels.

You collected 137 gold pieces.

Inventory:

Hand Weapons
 a - a +0 shortbow (weapon)
Armour
 p - a +1 robe of willpower (worn)
Scrolls
 b - 5 scrolls of immolation
 k - 3 scrolls of silence {unknown}
 l - a scroll of enchant weapon {unknown}
 n - 2 scrolls of teleportation
 o - a scroll of enchant armour {unknown}
Potions
 d - 5 potions of curing
 e - a potion of resistance
 f - a potion of flight {unknown}
 g - 2 potions of mutation {unknown}
 h - a potion of might {unknown}
 i - a potion of haste {unknown}
 j - a potion of cancellation
 m - a potion of lignification {unknown}


   Skills:
 + Level 2.4 Fighting
 - Level 8.7 Ranged Weapons
 + Level 2.1 Dodging
 - Level 0.7 Stealth
 + Level 0.0 Invocations


You had 5 spell levels left.
You didn't know any spells.
Your spell library contained the following spells:

 Spells                   Type           Power      Damage    Failure   Level
 Beastly Appendage        Tmut           0%         N/A       45%         1
 Magic Dart               Conj           0%         1d3       45%         1
 Sandblast                Erth           0%         2d4       45%         1
 Passwall                 Tmut/Erth      0%         N/A       58%         2
 Wereblood                Tmut           0%         N/A       58%         2
 Mephitic Cloud           Conj/Pois/Air  0%         N/A       83%         3
 Portal Projectile        Hex/Tloc       0%         N/A       83%         3
 Spider Form              Tmut/Pois      0%         N/A       83%         3
 Stone Arrow              Conj/Erth      0%         3d7       83%         3
 Leda's Liquefaction      Hex/Erth       0%         N/A       99%         4
 Call Imp                 Summ           Unusable   N/A       N/A         2
 Call Canine Familiar     Summ           Unusable   N/A       N/A         3

Dungeon Overview and Level Annotations

Branches:
Dungeon (4/15)
 Temple: D:4-7

Altars:
Elyvilon
Okawaru
Trog

Shops:
D:4 =


Innate Abilities, Weirdness & Mutations

You have a pair of horns on your head.
You reflexively headbutt those who attack you in melee.


Message History

Unknown command.
You shoot an arrow. The arrow barely misses the wight.
You shoot an arrow. The arrow closely misses the wight.
A wight comes into view.
It is wielding a +2 morningstar of venom.
You shoot an arrow. The arrow barely misses the wight.
Unknown command.
The wight attacks as you move away!
The wight hits you with a +4 long sword.
There is a stone staircase leading up here.
You climb upwards.
There is a stone staircase leading down here.
You shoot an arrow. The arrow hits the wight.
The wight is lightly damaged.
The wight closely misses you.
You shoot an arrow. The arrow barely misses the wight.
The wight closely misses you.
You shoot an arrow.
The arrow hits the wight but does no damage.
The wight is lightly damaged.
The wight hits you with a +4 long sword.
You shoot an arrow. The arrow hits the wight.
The wight is moderately damaged.
The wight barely misses you. You furiously retaliate!
You headbutt the wight. You shoot an arrow. The arrow closely misses the wight.
The wight hits you with a +4 long sword!
You shoot an arrow. The arrow barely misses the wight.
The wight hits you with a +4 long sword!
* * * LOW HITPOINT WARNING * * *
You feel drained.
* * * LOW HITPOINT WARNING * * *
You shoot an arrow. The arrow hits the wight.
The wight is heavily damaged.
The wight hits you with a +4 long sword.
* * * LOW HITPOINT WARNING * * *
You feel drained.
* * * LOW HITPOINT WARNING * * *
You shoot an arrow. The arrow hits the wight.
The wight is heavily damaged.
The wight hits you with a +4 long sword!
You die...

......##.##......#
......+..........#
......#..........#
.....[...........#
######...........#
.................#
#.###............#
....#............#
...............z@#
###.#.##########.#####
....#.##.......#.....#
....#.##.####....###.##
....#.##.####.##.###..#
....#.##.....##^..###.#
....#.##....##.....##.#
....#.##....#.......#.#
....#.##.#......_.....#


You could see a wight.

Vanquished Creatures
  Duvessa (D:4)
  An ogre (D:4)
  2 wights (D:4)
  Dowan (D:4)
  4 dart slugs
  6 endoplasms
  6 goblins
  6 hobgoblins
  2 jackals (D:3)
  4 kobolds (D:1)
  2 quokkas
  8 ball pythons
  5 bats
  5 frilled lizards
  5 rats
58 creatures vanquished.

Notes
Turn   | Place    | Note
-------+----------+-------------------------------------------
     0 | D:1      | NinjaNoafa the Minotaur Hunter began the quest for the Orb.
     0 | D:1      | Reached XP level 1. HP: 18/18 MP: 0/0
   115 | D:1      | Reached XP level 2. HP: 25/25 MP: 1/1
   134 | D:1      | Reached skill level 5 in Ranged Weapons
   713 | D:1      | Found a faded altar of an unknown god.
  1233 | D:2      | Reached XP level 3. HP: 30/30 MP: 2/2
  1745 | D:3      | Reached skill level 6 in Ranged Weapons
  1902 | D:3      | Found a bloodstained altar of Trog.
  2162 | D:4      | Found Katwal's Jewellery Shoppe.
  2204 | D:4      | Noticed a wight
  2204 | D:4      | Noticed a wight
  2233 | D:4      | HP: 1/30 [wight/+3 morningstar (4)]
  2233 | D:4      | Killed a wight
  2234 | D:4      | Reached XP level 4. HP: 2/37 MP: 3/3
  2238 | D:4      | Found a white marble altar of Elyvilon.
  2239 | D:4      | Reached skill level 7 in Ranged Weapons
  2239 | D:4      | Reached XP level 5. HP: 31/42 MP: 4/4
  2265 | D:4      | Noticed Duvessa
  2265 | D:4      | Noticed Dowan
  2363 | D:4      | Found an iron altar of Okawaru.
  2370 | D:4      | Became a worshipper of Warmaster Okawaru
  2452 | D:4      | Noticed an ogre
  2459 | D:4      | Killed an ogre
  2489 | D:4      | Killed Duvessa
  2489 | D:4      | Reached * piety under Okawaru
  2490 | D:4      | Reached skill level 8 in Ranged Weapons
  2490 | D:4      | Reached XP level 6. HP: 8/50 MP: 5/5
  2493 | D:4      | Killed Dowan
  2658 | D:3      | Slain by a wight

Illustrated notes

Levels and vault maps discovered:
D:1:      lordsloth_arrival_two_stooges, layout_loops_corners,
          shapermc_ecumenical_altar_pompeii, minmay_tall_x
D:2:      layout_loops_ring, minmay_indecisive_spiral
D:3:      layout_basic, lemuel_round_altar
D:4:      layout_loops_ring, okawaru_ov_weapons_minmay, elyvilon_altar_5,
          serial_shops, nicolae_shop_crystal, uniq_duvessa

Skill      XL: |  1  2  3  4  5 |
---------------+----------------+-----
Ranged Weapons | 5 6 7 8 |  8.7
Fighting       | |  2.4
Dodging        | |  2.1
Stealth        | |  0.7

Action                     |  1- 3 |  4- 6 || total
---------------------------+-------+-------++-------
   Fire: Shortbow          |   134 |    33 ||   167
 Invoke: Heroism           |       |     1 ||     1
    Use: Scroll            |     6 |     1 ||     7
         Potion            |       |     2 ||     2
 Armour: Leather armour    |    11 |       ||    11
  Dodge: Dodged            |    40 |    11 ||    51

Table legend: (Time is in decaauts)
 A = Elapsed time spent in this place.
 B = Non-inter-level travel time spent in this place.
 C = Inter-level travel time spent in this place.
 D = Time resting spent in this place.
 E = Time spent auto-exploring this place.
 F = Levels seen in this place.
 G = Mean time per level.
                   A        B        C        D        E       F      G
               +--------+--------+--------+--------+--------+-----+--------+
         Total |   2695 |   2551 |    144 |      0 |   1785 |   4 |  673.8 |
       Dungeon |   2695 |   2551 |    144 |      0 |   1785 |   4 |  673.8 |
               +--------+--------+--------+--------+--------+-----+--------+

Top non-repeatable levels by time:
     D:1: 988 daAuts
     D:2: 667 daAuts
     D:3: 557 daAuts
     D:4: 482 daAuts
